 Dungeon Crawl Stone Soup version 0.27-a0-34-gc18c9092ac (webtiles) character file.

Game seed: 12092411279578567809

1177 kae the Ruffian (level 8, 0/67 HPs)
             Began as a Grey Draconian Transmuter on Jan 4, 2021.
             Killed by nerve-wracking pain
             ... invoked by an orc priest
              (4 damage)
             ... on level 6 of the Dungeon.
             The game lasted 00:04:53 (6969 turns).

kae the Ruffian (Grey Draconian Transmuter)         Turns: 6969, Time: 00:04:54

Health: 0/67       AC:  2    Str: 20    XL:     8   Next: 18%
Magic:  12/14      EV: 19    Int: 15    God:
Gold:   283        SH:  0    Dex: 16    Spells: 11/15 levels left

rFire    . . .     SeeInvis .     - Unarmed
rCold    . . .     Faith    .   (shield currently unavailable)
rNeg     + . .     Spirit   .   (armour unavailable)
rPois    x         Reflect  .   (helmet currently unavailable)
rElec    .         Harm     .   (cloak currently unavailable)
rCorr    .         Rampage  .   (gloves currently unavailable)
Will     .....                  (boots currently unavailable)
Stlth    +.........             (no amulet)
HPRegen  0.21/turn              u - ring of positive energy
MPRegen  0.14/turn              q - +6 ring of strength

@: spider-form (expiring), hasted, very quick
A: tiny, (walk through water), unfitting armour, AC +11
a: End Transformation


You were on level 6 of the Dungeon.
You were a venomous arachnid creature.
You visited 1 branch of the dungeon, and saw 6 of its levels.

You collected 381 gold pieces.
You spent 98 gold pieces at shops.

Inventory:

Jewellery
 h - a +4 ring of evasion
 q - a +6 ring of strength (right front leg)
 u - a ring of positive energy (left front leg)
Wands
 o - a wand of digging (4)
 s - a wand of random effects (11)
 w - a wand of acid (7)
Scrolls
 a - 4 scrolls of teleportation
 c - a scroll of fog
 d - 4 scrolls of remove curse
 t - a scroll of magic mapping
Potions
 b - 2 potions of degeneration
 e - a potion of mutation
 f - a potion of flight
 i - a potion of resistance
 j - a potion of magic {unknown}
 k - 3 potions of haste
 m - 3 potions of might {unknown}
 n - a potion of brilliance {unknown}
 p - a potion of invisibility {unknown}
 r - a potion of ambrosia {unknown}


   Skills:
 + Level 4.7 Fighting
 - Level 1.7 Dodging
 * Level 6.9 Unarmed Combat
 + Level 4.3 Spellcasting
 + Level 4.7 Transmutations


You had 11 spell levels left.
You knew the following spells:

 Your Spells              Type           Power        Failure   Level
a - Beastly Appendage     Tmut           34%          10%         1
b - Spider Form           Tmut/Pois      5%           41%         3

Your spell library contained the following spells:

 Spells                   Type           Power        Failure   Level
 Wereblood                Tmut           17%          12%         2
 Ice Form                 Ice/Tmut       10%          75%         4
 Blade Hands              Tmut           8%           77%         5


Dungeon Overview and Level Annotations

Branches:
Dungeon (6/15)             Temple (0/1) D:6

Altars:

Shops:
D:4 *   D:5 :


Innate Abilities, Weirdness & Mutations

((You can walk through water.))
((Your dull iron-grey scales are very hard. (AC +11)))
You cannot fit into any form of body armour.
((You can survive without breathing.))
((You are cold-blooded and may be slowed by cold attacks.))


Message History

You hit the orc priest.
The orc priest is heavily wounded.
The orc priest barely misses you.
The orc warrior throws a boomerang.
The boomerang misses you.
The weapon returns to the orc warrior!
You barely miss the orc priest.
The orc priest is heavily wounded.
Your transformation is almost over.
The orc warrior throws a boomerang.
The boomerang barely misses you.
The weapon returns to the orc warrior!
The orc priest barely misses you.
Okay, then.
It was a potion of haste.
You feel yourself speed up.
The orc priest begins to cast a cantrip, but forgets the words!
Okay, then.
The orc warrior throws a boomerang.
The boomerang completely misses you.
The weapon returns to the orc warrior!
As you read the scroll of fog, it crumbles to dust.
The scroll dissolves into smoke.
The orc priest calls down the wrath of Beogh upon you.
Pain shoots through your body!
You die...

#..........(..### .
#..........#....## #.
#^.........##....# #.
#.........(###.#.### #.#
#..........(...#...###..##
#........).#(..###..###..##
#.......§§.#.........###.##
####....§§§§...........#...
#....§§s§.........#.....
##...§§§#.#............#
#..#o###...............
#..#.# ###.............
#....# #.##..........
##...## #.#....##.....
#...o# #(####...... #.##†#
.. ##.##.. #.##o###.# ...
##.


You could see an orc priest.

Vanquished Creatures
  Sigmund (D:3)
  An orc warrior (D:5)
  A phantom (D:6)
  3 centaurs
  A bullfrog (D:6)
  A bullfrog zombie (D:5)
  A centaur skeleton (D:6)
  2 orc priests (D:5)
  2 hounds (D:6)
  A jelly (D:5)
  An iguana (D:6)
  Terence (D:2)
  4 worker ants
  3 adders (D:3)
  An ooze (D:2)
  An adder skeleton (D:6)
  An adder zombie (D:5)
  3 worms
  4 dart slugs
  4 leopard geckos
  12 orcs
  12 bats
  6 giant cockroaches
  10 goblins
  13 hobgoblins
  15 jackals
  7 kobolds
  3 quokkas
  3 frilled lizards
  9 rats
127 creatures vanquished.

Vanquished Creatures (others)
  A bat (D:2)
1 creature vanquished.

Grand Total: 128 creatures vanquished

Notes
Turn   | Place    | Note
-------+----------+-------------------------------------------
     0 | D:1      | kae the Draconian Transmuter began the quest for the Orb.
     0 | D:1      | Reached XP level 1. HP: 16/16 MP: 3/3
   260 | D:1      | Reached XP level 2. HP: 9/23 MP: 3/5
   972 | D:1      | Reached XP level 3. HP: 29/29 MP: 4/6
  1057 | D:1      | Learned a level 3 spell: Spider Form
  2312 | D:2      | Reached XP level 4. HP: 27/36 MP: 5/7
  2597 | D:2      | Reached skill level 4 in Unarmed Combat
  2988 | D:3      | Noticed Terence
  3031 | D:2      | Killed Terence
  3054 | D:3      | Reached XP level 5. HP: 34/42 MP: 9/9
  3374 | D:3      | Noticed Sigmund
  3732 | D:3      | Killed Sigmund
  3733 | D:3      | Reached skill level 5 in Unarmed Combat
  3733 | D:3      | Reached XP level 6. HP: 49/51 MP: 6/10
  3948 | D:4      | Found Oseczig's Assorted Antiques.
  3953 | D:4      | Bought a lumpy grey potion for 23 gold pieces
  3953 | D:4      | Bought a lumpy yellow potion for 23 gold pieces
  3953 | D:4      | Bought a scroll of identify for 52 gold pieces
  4570 | D:5      | Entered Level 5 of the Dungeon
  4623 | D:5      | Found Ryzacuant's Book Shop.
  5301 | D:5      | HP: 1/51 [orc priest/divine providence (14)]
  5304 | D:5      | Your scales start taking on a dull iron-grey colour.
  5304 | D:5      | Reached XP level 7. HP: 26/57 MP: 3/12
  5304 | D:5      | Gained mutation: You can survive without breathing. [Grey
                  | Draconian growth]
  5938 | D:5      | Reached skill level 6 in Unarmed Combat
  6450 | D:6      | HP: 2/60 [centaur (3)]
  6462 | D:6      | HP: 2/60 [centaur (2)]
  6728 | D:6      | Found a staircase to the Ecumenical Temple.
  6735 | D:6      | Reached XP level 8. HP: 67/67 MP: 10/14
  6959 | D:6      | HP: 2/67 [orc warrior/boomerang (13)]
  6969 | D:6      | Killed from afar by an orc priest

Illustrated notes

Levels and vault maps discovered:
D:1:      dpeg_arrival_arbitrary_a, layout_basic
D:2:      layout_basic, minmay_pentomino_w2
D:3:      layout_basic, uniq_sigmund, uniq_terence
D:4:      layout_gridville, serial_shops, kennysheep_little_box
D:5:      layout_basic, serial_shops, shop, sigmund_army
D:6:      layout_rooms, temple_statues

Skill      XL: |  1  2  3  4  5  6  7 |
---------------+----------------------+-----
Fighting       | 2 3 4 |  4.7
Unarmed Combat | 4 5 6 |  6.9
Transmutations | 3 4 |  4.7
Spellcasting   | 3 4 |  4.3
Dodging        | |  1.7

Action                   |  1- 3 |  4- 6 |  7- 9 || total
-------------------------+-------+-------+-------++-------
Melee: Unarmed           |   175 |   161 |   103 ||   439
       Kick              |    27 |    21 |    17 ||    65
       Tailslap          |    13 |    14 |    13 ||    40
       Headbutt          |     7 |    12 |    11 ||    30
       Punch             |     1 |     2 |     2 ||     5
 Cast: Beastly Appendage |    25 |    21 |     9 ||    55
       Spider Form       |       |     4 |     3 ||     7
  Use: Scroll            |       |    11 |     5 ||    16
       Potion            |       |     1 |     5 ||     6
Armor: Skin              |    58 |    52 |    29 ||   139
Dodge: Dodged            |   160 |   166 |    87 ||   413

Table legend: (Time is in decaauts)
 A = Elapsed time spent in this place.
 B = Non-inter-level travel time spent in this place.
 C = Inter-level travel time spent in this place.
 D = Time resting spent in this place.
 E = Time spent auto-exploring this place.
 F = Levels seen in this place.
 G = Mean time per level.
                   A        B        C        D        E       F      G
               +--------+--------+--------+--------+--------+-----+--------+
         Total |   6932 |   6700 |    232 |    909 |   4827 |   6 | 1155.3 |
       Dungeon |   6932 |   6700 |    232 |    909 |   4827 |   6 | 1155.3 |
               +--------+--------+--------+--------+--------+-----+--------+

Top non-repeatable levels by time:
     D:5: 1603 daAuts
     D:2: 1464 daAuts
     D:1: 1375 daAuts
     D:3: 966 daAuts
     D:6: 778 daAuts
     D:4: 743 daAuts
